[Event "*** Titled Tuesday Blitz"]
[Site "Chess.com"]
[Date "2019.11.05"]
[Round "2"]
[White "Indianlad"]
[Black "crazy_machine"]
[Result "1-0"]
[WhiteElo "3027"]
[BlackElo "2660"]
[TimeControl "180+2"]
[EndTime "13:24:59 PST"]
[Termination "Indianlad won by resignation"]

1. d4 Nf6 2. c4 e6 3. g3 d5 4.
Bg2 Bb4+ 5. Bd2 Be7 6. Nf3 O-O 7. O-O Nbd7 8. Qc2 c6 9. Rc1 b6 10. Bf4 Ba6 11. Nbd2 Rc8 12. e4 dxe4 13. Nxe4 Nxe4 14.
Qxe4 c5 15. Qe2 Bf6 16. dxc5 Rxc5 17. Bd6 Qc8 18. Bxf8 Nxf8 19. Bf1 b5 20. Rab1 bxc4 21. Nd2 Bd4 22. Qe4 e5 23. Nf3 Bb7 24. Qe2 Ne6 25. Bh3 Bd5 26. Bg2 Qc6 27. Re1 f6 28. Rbd1 h6 29. Nh4 Bxg2 30. Nxg2 Ng5 31. Rf1 Nf3+ 32.
Kh1 e4 33. Nh4 Nxh4 34. Rxd4 e3+ 35. f3 Nf5 36. Re4 c3 37. bxc3 Rxc3 38. Rf4 Rc2 39. Qd3 Ne7 40. Re4 Nd5 41. Rd4 e2 42. Re1 Rc1 43.
Qxe2 Nc3 44. Rxc1 Nxe2 45. Rxc6 Nxd4 46. Ra6 Nxf3 47. Rxa7 Nd4 48. a4 Nc6 49. Ra8+ Kh7 50. a5 f5 51. a6 g5 52. Rc8 1-0

[Event "*** Titled Tuesday Blitz"]
[Site "Chess.com"]
[Date "2019.11.05"]
[Round "2"]
[White "LPSupi"]
[Black "tango_argentino"]
[Result "1-0"]
[WhiteElo "2994"]
[BlackElo "2646"]
[TimeControl "180+2"]
[EndTime "13:24:59 PST"]
[Termination "LPSupi won by checkmate"]

1. d4 Nf6 2. c4 g6 3. g3 Bg7 4.
Bg2 O-O 5. Nc3 Nc6 6. Nf3 d6 7. O-O e5 8. dxe5 dxe5 9. Bg5 Be6 10. Qc1 Qb8 11. Rd1 Nd7 12. Bh6 f6 13. b3 Rf7 14. Bxg7 Kxg7 15. Nd5 Nd8 16. h4 h5 17. Qe3 c6 18. Nc3 Re7 19. Rd2 Nf7 20. Rad1 Qc7 21.
Ne4 a5 22. Ne1 a4 23. Nd3 axb3 24. axb3 Bf5 25. Ndc5 Nxc5 26. Nxc5 Rd8 27. Rxd8 Nxd8 28.
Be4 Bc8 29. Qd3 b6 30. Qxd8 bxc5 31. Bxc6 Bg4 32. f3 Bf5 33. e4 Be6 34. Ba4 Qa7 35. Kf2 Rf7 36. Rd6 Bxc4 37. Rc6 Bxb3 38. Rc8 c4+ 39. Kg2 Kh6 40. Qh8+ Rh7 41. Qxf6 Bxa4 42. Rg8 Rg7 43. Rh8+ Rh7 44. Rg8 Rg7 45. Qf8 Qf7 46.
Rh8# 1-0

[Event "*** Titled Tuesday Blitz"]
[Site "Chess.com"]
[Date "2019.11.05"]
[Round "2"]
[White "deBaller"]
[Black "Rodalquilar"]
[Result "0-1"]
[WhiteElo "2336"]
[BlackElo "2675"]
[TimeControl "180+2"]
[EndTime "13:24:59 PST"]
[Termination "Rodalquilar won by resignation"]

1. e4 e5 2. Nf3 Nc6 3. d4 exd4 4. Bc4 d6 5. Nxd4 g6 6. Nc3 Bg7 7. Be3 Nf6 8. f3 O-O 9. Qd2 Ne5 10. Be2 d5 11. exd5 Nxd5 12. Nxd5 Qxd5 13. O-O Nc4 14. Bxc4 Qxc4 15. b3 Qa6 16. c3 Rd8 17. Qf2 c5 18.
Ne2 b6 19. Rad1 Bb7 20. a4 Rd3 21. Bd2 Rad8 22. Nf4 R3d7 23. c4 Bd4 24. Be3 Bxe3 25. Qxe3 Rxd1 26. Rxd1 Rxd1+ 27. Kf2 Rd8 28. Qe7 Rf8 29.
h4 Qa5 30. Qxb7 Qd2+ 31. Kg3 Qe1+ 32. Kh3 h6 33. Nd5 g5 34. hxg5 hxg5 35. g3 Qe6+ 36. Kg2 Qe2+ 37. Kh3 Kg7 38. Kg4 Re8 39. Qc6 Re6 40.
Qd7 Re4+ 41. Kxg5 Qxf3 42. Qf5 Qxf5+ 43. Kxf5 Re1 44. b4 cxb4 45. Nxb4 Ra1 46. c5 bxc5 47.
Nd3 c4 48. Nc5 c3 49. Nb3 Ra3 0-1

[Event "*** Titled Tuesday Blitz"]
[Site "Chess.com"]
[Date "2019.11.05"]
[Round "2"]
[White "GM_shahin"]
[Black "TST2014"]
[Result "1-0"]
[WhiteElo "2736"]
[BlackElo "2524"]
[TimeControl "180+2"]
[EndTime "13:25:00 PST"]
[Termination "GM_shahin won by resignation"]

1. d4 Nf6 2. c4 d6 3. Nc3 e5 4.
Nf3 Nbd7 5. Bg5 Be7 6. e3 Ng8 7.
Bxe7 Nxe7 8. Qc2 O-O 9. dxe5 Nxe5 10. O-O-O Bf5 11. e4 Bd7 12. Nd4 N7c6 13. f4 Ng4 14.
Qd2 Nxd4 15. Qxd4 Qf6 16. Qd2 Qh4 17. g3 Qh6 18. h3 Nf6 19. Bg2 Nh5 20. Qf2 Be6 21.
b3 Qf6 22. Kc2 a6 23. Rhf1 b5 24. g4 bxc4 25. gxh5 cxb3+ 26. axb3 Rab8 27. Nd5 Bxd5 28. Rxd5 c6 29. Rd3 a5 30. Qd4 Qe6 31. f5 Qh6 32.
Qxd6 Qxh5 33. Rfd1 h6 34. Qg3 a4 35. Bf3 axb3+ 36. Rxb3 Rxb3 37. Kxb3 Qg5 38. Qxg5 hxg5 39. Kc4 Ra8 40. e5 Ra5 41. e6 fxe6 42. fxe6 Re5 43.
Bxc6 Kf8 44. Bd5 Ke7 45. Rf1 Kd6 46. Rf7 Re3 47. Kd4 Rd3+ 48. Kxd3 Kxd5 49. e7 Ke6 50. e8=Q+ 1-0

[Event "*** Titled Tuesday Blitz"]
[Site "Chess.com"]
[Date "2019.11.05"]
[Round "2"]
[White "Alliswell998"]
[Black "sergiochess83"]
[Result "1-0"]
[WhiteElo "2516"]
[BlackElo "2905"]
[TimeControl "180+2"]
[EndTime "13:25:03 PST"]
[Termination "Alliswell998 won by resignation"]

1. e4 c5 2. Nc3 Nc6 3. f4 e6 4. Nf3 d5 5. Bb5 Ne7 6. exd5 exd5 7. Qe2 a6 8. Bxc6+ bxc6 9. b3 f6 10. Ba3 Kf7 11. Bxc5 Ng6 12. Be3 c5 13. d4 cxd4 14. Nxd4 Bb4 15. Qd3 Qc7 16. Ne2 Rd8 17. O-O-O Bg4 18.
h3 Bxe2 19. Nxe2 Rac8 20. Kb1 a5 21. a4 Kg8 22. Bc1 d4 23. g3 Ne7 24. Bb2 Nc6 25.
Qc4+ Kh8 26. Nxd4 Nxd4 27. Qxc7 Rxc7 28. Rxd4 Rdc8 29. c4 h5 30. g4 Re8 31. Rh2 Re3 32. Ka2 Kh7 33. Rd5 hxg4 34. hxg4+ Kg6 35. f5+ Kf7 36. g5 fxg5 37. Rh7 Bc3 38. Bxc3 Rxc3 39. Rxa5 g4 40. Rh4 g3 41. Rg4 Re7 42. Ka3 Kf6 43.
Rg6+ Kf7 44. Rb5 Rf3 45. a5 Rxf5 46. Rxg3 Rf6 47. Ka4 Re1 48. Rbg5 g6 49. c5 Rf4+ 50. Kb5 Re6 51. R3g4 1-0

[Event "*** Titled Tuesday Blitz"]
[Site "Chess.com"]
[Date "2019.11.05"]
[Round "2"]
[White "Tolya2"]
[Black "yjjga"]
[Result "1/2-1/2"]
[WhiteElo "2410"]
[BlackElo "2081"]
[TimeControl "180+2"]
[EndTime "13:25:04 PST"]
[Termination "Game drawn by repetition"]

1. Nf3 c5 2. c4 Nc6 3. d4 cxd4 4. Nxd4 e5 5. Nb5 d6 6. g3 Be6 7. N1a3 Nf6 8. Bg2 Be7 9. O-O O-O 10. h3 d5 11. cxd5 Bxd5 12. Nc3 Bxg2 13. Kxg2 a6 14. Be3 b5 15. Nc2 Rc8 16. Qxd8 Rfxd8 17. Rfd1 Na5 18. Rxd8+ Rxd8 19. Rd1 Nc4 20. Rxd8+ Bxd8 21. Bc1 Ba5 22. Nd1 Nd5 23. b3 Nd6 24. Nce3 Nxe3+ 25. Bxe3 f6 26.
f3 Kf7 27. Bc5 Ke6 28. Kf2 Nb7 29. Bf8 Kf7 30. Ba3 Ke6 31. Ke3 Bb6+ 32. Kd2 Nd8 33. g4 Nc6 34. e3 Ba5+ 35. Kd3 Bb4 36. Bb2 Bd6 37. a3 b4 38. a4 Na5 39. Kc2 Kd5 40.
Nf2 Bc5 41. Bc1 Nc6 42. Ne4 Bb6 43. h4 a5 44. h5 Nd8 45. h6 gxh6 46. Nxf6+ Ke6 47.
Ng8 Nf7 48. e4 h5 49. gxh5 Bd8 50. Nh6 Ng5 51. Bxg5 Bxg5 52. Ng4 Bf4 53. Kd3 Kd6 54. Kc4 Kc6 55. Nf6 h6 56. Nd5 Bd2 57. Ne7+ Kd6 58. Nf5+ Kc6 59. Ne7+ Kd6 60. Ng6 Bg5 61. Kb5 Bd8 62.
Nh8 Ke6 63. Ng6 Kd6 64. Nf8 Be7 65. Ng6 Bd8 1/2-1/2

[Event "*** Titled Tuesday Blitz"]
[Site "Chess.com"]
[Date "2019.11.05"]
[Round "2"]
[White "victormago"]
[Black "saraswathii"]
[Result "1-0"]
[WhiteElo "2464"]
[BlackElo "2186"]
[TimeControl "180+2"]
[EndTime "13:25:07 PST"]
[Termination "victormago won by resignation"]

1. d4 Nc6 2. c4 Nf6 3. Nc3 d6 4. Nf3 g6 5. d5 Nb8 6. h3 Bg7 7. e4 O-O 8. Bd3 e6 9. O-O exd5 10. exd5 Nbd7 11. Be3 Nb6 12. Rc1 Re8 13. b3 Bd7 14.
Qd2 a5 15. a4 Qc8 16. Kh2 Bf5 17. Bxf5 Qxf5 18. Nb5 Ne4 19. Qc2 Re7 20. Nxc7 Rxc7 21. Bxb6 Re7 22. Be3 Rc8 23. Nd2 Qe5+ 24. Kg1 Nxd2 25.
Qxd2 f5 26. Bf4 Qb2 27. Qxb2 Bxb2 28. Rce1 Be5 29. Re3 Rce8 30. Rfe1 Kf7 31. Bg5 Bf6 32. Rxe7+ Rxe7 33. Rxe7+ Kxe7 34. Bxf6+ Kxf6 35. f4 h6 36. Kf2 g5 37. g3 Ke7 38. Ke3 b6 39. Kd4 Kf6 40. Ke3 g4 41. h4 h5 42. Kd4 Ke7 43. Kc3 Kd7 44. b4 Ke7 45. bxa5 bxa5 46. Kd4 Kd7 47.
c5 Kc7 48. c6 Kb6 49. Kc3 Ka6 50. Kc4 Kb6 51. Kd3 Kc7 52. Kd4 Kb6 53. Kc4 Ka6 54.
c7 Kb7 55. Kb5 Kxc7 56. Kxa5 Kb7 57. Kb5 Kc7 58. Ka6 Kb8 59. Kb6 Kc8 60. Kc6 Kb8 61. Kxd6 Kc8 62. Ke6 Kc7 63. Kxf5 Kd6 64. Kg6 1-0

[Event "*** Titled Tuesday Blitz"]
[Site "Chess.com"]
[Date "2019.11.05"]
[Round "2"]
[White "Eloist"]
[Black "SanchezKelvin"]
[Result "0-1"]
[WhiteElo "2203"]
[BlackElo "2496"]
[TimeControl "180+2"]
[EndTime "13:25:10 PST"]
[Termination "SanchezKelvin won by resignation"]

1. e4 c5 2. d3 Nc6 3. f4 g6 4. Be2 Bg7 5. Nf3 e6 6. c3 Nge7 7. O-O O-O 8. Na3 d5 9. e5 d4 10.
c4 b6 11. Nc2 Bb7 12. Ng5 Qd7 13.
Bd2 Rad8 14. Bf3 Nf5 15. Qe1 f6 16. exf6 Rxf6 17. Ne4 Rf7 18. Rd1 e5 19. g4 Nh6 20.
Qh4 exf4 21. Ng5 Rf6 22. Bd5+ Kh8 23. Bxf4 Rdf8 24. Nxh7 Rxf4 25. Nxf8 Rxf8 26. Rxf8+ Bxf8 27. Rf1 Bg7 28. Rf7 Qd8 29. Qxd8+ Nxd8 30. Rd7 Bf6 31.
Bxb7 Nxg4 32. Be4 a5 33. Bxg6 Ne5 34. Ra7 Nxg6 35. Ra6 Ne5 36. Rxb6 Kg7 37. Ne1 Bh4 38. Rd6 Ndf7 39. Ng2 Nxd6 40. Nxh4 Nxd3 41. Kf1 Nxc4 42. b3 Ne3+ 43. Ke2 Nf4+ 44. Kd2 Kf6 45. Nf3 Nfd5 46. h4 Nb4 47. a3 Nbc2 48. a4 Na1 49. Kd3 Nxb3 50. h5 c4+ 51. Ke4 c3 52. Kd3 c2 0-1

[Event "*** Titled Tuesday Blitz"]
[Site "Chess.com"]
[Date "2019.11.05"]
[Round "2"]
[White "sergeikim"]
[Black "SaraciNderim"]
[Result "0-1"]
[WhiteElo "2558"]
[BlackElo "2815"]
[TimeControl "180+2"]
[EndTime "13:25:12 PST"]
[Termination "SaraciNderim won by resignation"]

1. d4 Nf6 2. c4 e6 3. Nc3 d5 4. Nf3 Bb4 5. Qb3 Nc6 6. a3 Bxc3+ 7. Qxc3 O-O 8. g3 a6 9. Bg2 dxc4 10. Qxc4 Nd5 11.
O-O Na5 12. Qc2 b5 13. Ne5 Bb7 14. b4 Nc4 15. Nxc4 bxc4 16. Qxc4 Nb6 17. Qd3 Bxg2 18.
Kxg2 Qd5+ 19. e4 Qb5 20. Qc2 Rfd8 21. Be3 Nc4 22. Rfc1 Nxe3+ 23. fxe3 a5 24. Qc4 Qb7 25. Qc6 Qxc6 26. Rxc6 axb4 27. Rxc7 Rdb8 28. a4 b3 29. Rb1 h6 30. Rc3 b2 31. Rc2 Rb3 32. Kf3 Rxa4 33. Rbxb2 Rd3 34. Rd2 Rc3 35. Rdc2 Rca3 36. h4 Rxd4 37.
Ra2 Rdd3 38. Rxa3 Rxa3 39. h5 Ra5 40. g4 Rg5 41. Rc8+ Kh7 42. Rc7 f6 43. Re7 f5 44.
exf5 exf5 45. gxf5 Rxf5+ 46. Kg4 Rg5+ 47. Kh4 Kg8 48. Re4 Kf7 49. Rf4+ Ke6 50. Ra4 Re5 51. Ra6+ Kf5 52. Rg6 Re4+ 53. Kh3 Rxe3+ 54. Kh4 Re1 55. Ra6 Rh1+ 56. Kg3 Rxh5 57. Ra5+ Kg6 58. Ra6+ Kh7 59. Kg4 Rb5 60. Kh4 h5 61. Ra7 Kh6 62. Ra6+ g6 63.
Rc6 Rb4+ 64. Kg3 h4+ 65. Kh3 Kh5 66. Rc8 Rb3+ 0-1

[Event "*** Titled Tuesday Blitz"]
[Site "Chess.com"]
[Date "2019.11.05"]
[Round "2"]
[White "vova-79"]
[Black "WorldChampionBulletChess"]
[Result "1-0"]
[WhiteElo "2421"]
[BlackElo "2060"]
[TimeControl "180+2"]
[EndTime "13:25:13 PST"]
[Termination "vova-79 won by checkmate"]

1. d4 Nf6 2. c4 e6 3. Nc3 b6 4.
e4 Bb4 5. Bd3 Bb7 6. Qe2 d6 7. Bd2 Nbd7 8. Nf3 O-O 9. O-O Ne8 10.
a3 Bxc3 11. Bxc3 e5 12. dxe5 dxe5 13. Nxe5 Nxe5 14. Bxe5 Nd6 15. Qg4 g6 16. f3 Qe7 17. Bc3 Nxc4 18. Rfe1 Qc5+ 19. Kh1 Ne5 20. Bxe5 Qxe5 21. b4 Rad8 22. Bc4 Kg7 23. Rac1 Rd2 24. Bf1 Rfd8 25. Qg3 Qxg3 26. hxg3 R8d7 27. Bb5 c6 28. Bxc6 Bxc6 29. Rxc6 Ra2 30. Rc3 Rdd2 31. Rg1 Kf6 32. f4 h6 33. Kh2 g5 34. Kh3 Rd4 35. Re1 g4+ 36. Kxg4 Rxg2 37. Rh1 Kg7 38. Kf5 Rd6 39. e5 Re6 40. Rh4 Rd2 41. Rg4+ Kf8 42. Rc8+ Ke7 43. Rgg8 Rd3 44. Rge8+ Kd7 45. Red8+ Ke7 46. Rxd3 a5 47. b5 a4 48. Rd6 h5 49. Rxe6+ fxe6+ 50. Kg5 h4 51.
gxh4 Kd7 52. Rc6 Ke7 53. Kg6 Kd7 54. h5 Ke7 55. h6 Kd7 56. h7 Ke7 57. h8=Q Kd7 58.
Qb8 Ke7 59. Rc7# 1-0

[Event "*** Titled Tuesday Blitz"]
[Site "Chess.com"]
[Date "2019.11.05"]
[Round "2"]
[White "Donseng"]
[Black "ChessWarrior7197"]
[Result "0-1"]
[WhiteElo "2624"]
[BlackElo "2941"]
[TimeControl "180+2"]
[EndTime "13:25:15 PST"]
[Termination "ChessWarrior7197 won by resignation"]

1. c4 Nf6 2. Nc3 e5 3. e4 Nc6 4. Nf3 Bc5 5. Nxe5 Nxe5 6. d4 Bb4 7. dxe5 Nxe4 8. Qd3 Nxc3 9. bxc3 Be7 10. Qg3 Kf8 11.
Bf4 d6 12. O-O-O Be6 13. exd6 cxd6 14. Bxd6 Bxd6 15. Qxd6+ Qxd6 16. Rxd6 Ke7 17. Rd4 Rhd8 18. Be2 Rxd4 19. cxd4 Bxc4 20. Bxc4 Rc8 21. Re1+ Kd6 22. Kd2 Rxc4 23. Kd3 Ra4 24. Re2 f6 25. Rb2 b6 26.
Ke4 g6 27. g4 Ra3 28. f3 Ke6 29. Rf2 Ra4 30. Rd2 b5 31. h4 a6 32. h5 Kd6 33.
hxg6 hxg6 34. f4 Ra3 35. Rg2 b4 36. Rc2 Rg3 37. d5 Rc3 38. Rd2 a5 39. Rh2 Rc4+ 40. Ke3 Kxd5 41. Rh6 Rc3+ 42. Ke2 Ra3 43. Rxg6 Rxa2+ 44. Kd3 b3 45. Rxf6 a4 46. g5 a3 47. Rb6 b2 48. g6 Ra1 49. f5 b1=Q+ 50. Rxb1 Rxb1 51.
f6 Ke6 52. f7 Ke7 0-1

[Event "*** Titled Tuesday Blitz"]
[Site "Chess.com"]
[Date "2019.11.05"]
[Round "2"]
[White "1f3_2g41-0"]
[Black "Kostya_Nikologorskiy"]
[Result "0-1"]
[WhiteElo "2282"]
[BlackElo "2516"]
[TimeControl "180+2"]
[EndTime "13:25:18 PST"]
[Termination "Kostya_Nikologorskiy won by checkmate"]

1. e4 e6 2. d4 d5 3. Nc3 Bb4 4. exd5 exd5 5. Bd3 Nc6 6. Ne2 Bg4 7. Be3 Nf6 8. O-O O-O 9. f3 Bh5 10. Nf4 Bg6 11.
Nxg6 hxg6 12. Bf2 Na5 13. a3 Bxc3 14. bxc3 Nc4 15. Bxc4 dxc4 16. Rb1 Qd5 17. Re1 Rfe8 18. Qd2 b5 19. Bg3 c6 20. Be5 Nd7 21. f4 f6 22. Bc7 Kf7 23. Re3 Rxe3 24. Qxe3 Re8 25. Qg3 Re2 26. Re1 Rxc2 27. f5 Qxf5 28. Bd6 g5 29. h4 g4 30. Qe3 Kg6 31. h5+ Kh7 32.
Rf1 Qxh5 33. Qe6 Nb6 34. Bf8 Qd5 35. Qxg4 Qg5 36. Qe4+ Qg6 37. Qh4+ Kg8 38. Qh2 Kxf8 39.
Qd6+ Kg8 40. Qb8+ Kh7 41. Qh2+ Qh6 42. Qg3 Qg5 43. Qh3+ Kg8 44. Re1 Qg6 45. Qe6+ Qf7 46. Qxc6 Qd5 47. Qe8+ Kh7 48. Re4 Rc1+ 49. Kh2 Qg5 50. Re3 Qf4+ 51. Kh3 Rh1# 0-1

[Event "*** Titled Tuesday Blitz"]
[Site "Chess.com"]
[Date "2019.11.05"]
[Round "2"]
[White "Alextorngren"]
[Black "ValeriyGrinev"]
[Result "0-1"]
[WhiteElo "2202"]
[BlackElo "2552"]
[TimeControl "180+2"]
[EndTime "13:25:19 PST"]
[Termination "ValeriyGrinev won by checkmate"]

1. c4 g6 2. d4 Bg7 3. Nc3 c5 4. d5 Bxc3+ 5. bxc3 Qa5 6. Qc2 f5 7. h4 Nf6 8. e3 d6 9. Bd3 Nbd7 10. Ne2 Nb6 11. f3 Bd7 12. Nf4 O-O-O 13. Bb2 Qa6 14. Qe2 Rde8 15. Kf2 e5 16. Nh3 e4 17. Bc2 Nxc4 18.
Bc1 Rhf8 19. Rd1 h6 20. Bb3 Ne5 21. Qxa6 bxa6 22. c4 Nd3+ 23. Ke2 a5 24. Bd2 a4 25. Bc2 Nb4 26. Bxb4 cxb4 27. f4 a5 28. Nf2 Kc7 29.
Rg1 h5 30. Nh3 Kb6 31. Rgc1 Kc5 32. Ng5 a3 33. Bb3 a4 34. Bd1 Ra8 35. Rab1 Rfb8 36. Kf2 b3 37. axb3 a2 38. Ra1 axb3 39. Bxb3 Rxb3 40.
Rc2 Rba3 41. Nf7 Ng4+ 42. Ke2 Rxe3+ 43. Kd2 Rg3 44. Kc1 Ne3 45. Rcxa2 Rxa2 46. Rxa2 Nxc4 47. Rc2 Kxd5 48. Ng5 Ne3 49. Rd2+ Kc4 50. Nf7 Rxg2 51. Nxd6+ Kc3 52. Nxe4+ fxe4 53. f5 Rg1+ 54. Rd1 Rxd1# 0-1

[Event "*** Titled Tuesday Blitz"]
[Site "Chess.com"]
[Date "2019.11.05"]
[Round "2"]
[White "SHIVACalypso"]
[Black "pedro_gines"]
[Result "0-1"]
[WhiteElo "2270"]
[BlackElo "2509"]
[TimeControl "180+2"]
[EndTime "13:25:19 PST"]
[Termination "pedro_gines won by resignation"]

1. Nf3 c5 2. c4 Nf6 3. g3 Nc6 4. Nc3 d5 5. cxd5 Nxd5 6. Nxd5 Qxd5 7. Bg2 e5 8. d3 Be7 9. O-O O-O 10. Be3 Qd6 11. Rc1 b6 12. Nxe5 Qxe5 13. Bxc6 Bh3 14. Bg2 Bxg2 15. Kxg2 Qxb2 16. Rc2 Qe5 17. d4 Qe4+ 18.
Kg1 Rfd8 19. Rd2 c4 20. Qc2 Qd5 21. a4 Rac8 22. Bf4 f5 23. Be5 g6 24. f3 Bg5 25.
f4 Be7 26. e4 Qxe4 27. Qxe4 fxe4 28. Re2 c3 29. Rc1 a6 30. Rxe4 b5 31. axb5 axb5 32. d5 b4 33. Kg2 Rxd5 34. Bxc3 Rxc3 35. Rxc3 bxc3 36. Rxe7 Rc5 37. Re1 Kf7 38. Kf3 Kf6 39. Ke4 c2 40. Rc1 h5 41. Kd3 Kf5 42. h3 h4 43.
gxh4 Kxf4 44. Rxc2 Rxc2 45. Kxc2 Kg3 46. Kd3 Kxh4 47.
Ke4 Kxh3 48. Kf4 Kh4 49. Kf3 g5 50. Kg2 Kg4 51. Kh2 Kf3 52. Kh3 g4+ 53. Kh2 Kf2 54.
Kh1 Kg3 55. Kg1 Kh3 56. Kh1 g3 57. Kg1 g2 58. Kf2 Kh2 59. Kf3 g1=Q 0-1

[Event "*** Titled Tuesday Blitz"]
[Site "Chess.com"]
[Date "2019.11.05"]
[Round "2"]
[White "SiddharthGMJagadeesh"]
[Black "aa175"]
[Result "1-0"]
[WhiteElo "2589"]
[BlackElo "2283"]
[TimeControl "180+2"]
[EndTime "13:25:22 PST"]
[Termination "SiddharthGMJagadeesh won on time"]

1. Nf3 Nf6 2. b3 g6 3. Bb2 Bg7 4. g3 O-O 5. Bg2 d5 6. O-O c5 7. d4 cxd4 8. Nxd4 Nc6 9. Nxc6 bxc6 10. c4 Ba6 11. Qc2 Qd7 12. Rd1 Rac8 13. e4 e6 14. Nc3 Rfd8 15. Na4 c5 16. exd5 exd5 17. Bxd5 Qh3 18.
Bg2 Qh5 19. h3 Re8 20. Rd6 Re2 21. Qd1 Ne8 22. Rxa6 Bxb2 23. Nxb2 Rxb2 24. Qxh5 gxh5 25. Rxa7 Rd8 26. Re1 Nf6 27. Bd5 Nxd5 28. Rd1 Re8 29. cxd5 Ree2 30. Rf1 Red2 31. Ra5 Rxd5 32. Kg2 h4 33.
gxh4 Kg7 34. Kg3 Kf6 35. Rc1 Rd3+ 36. f3 Rdd2 37. Rcxc5 Rxa2 38. Rxa2 Rxa2 39. b4 Rb2 40. b5 Rb4 41. Rc6+ Kg7 42. b6 h5 43. Kf2 Rxh4 44. b7 Rb4 45. Rc7 Kf6 46. Ke3 Kg6 47. Kd3 f6 48.
Kc3 Rb1 49. Kd4 Kf5 50. Kd5 Rd1+ 51. Kc6 Rc1+ 52. Kd7 Re1 53. b8=Q Rd1+ 54. Kc8 Kf4 55. Rc4+ 1-0

[Event "*** Titled Tuesday Blitz"]
[Site "Chess.com"]
[Date "2019.11.05"]
[Round "2"]
[White "medalja"]
[Black "SantoBlue"]
[Result "0-1"]
[WhiteElo "2394"]
[BlackElo "2869"]
[TimeControl "180+2"]
[EndTime "13:25:22 PST"]
[Termination "SantoBlue won by checkmate"]

1. d4 Nf6 2. c4 g6 3. Nf3 Bg7 4. g3 O-O 5. Bg2 d6 6. O-O Nc6 7. Nc3 a6 8. b3 Rb8 9. Bb2 b5 10.
cxb5 axb5 11. Rc1 Bd7 12. Re1 b4 13. Na4 Na5 14. Qc2 Rc8 15. e4 Bxa4 16. bxa4 c5 17.
Qd2 cxd4 18. Bxd4 Rxc1 19. Qxc1 Qd7 20. Qb2 Qxa4 21. e5 dxe5 22. Nxe5 h5 23. h3 Rc8 24. Re2 Qd1+ 25. Kh2 Rc1 26. f4 Nc4 27. Nxc4 Ng4+ 28. hxg4 Bxd4 29. Qd2 Qg1+ 30. Kh3 hxg4+ 31.
Kxg4 Rxc4 32. Rxe7 Rc5 33. Re1 Qh2 34. Kf3 Qh5+ 35.
g4 Qd5+ 36. Kg3 Qd8 37. Rh1 Rc3+ 38. Bf3 Qa8 39. Qe2 g5 40. fxg5 Qc8 41. Qe4 Qc7+ 42. Kh4 Bf2+ 43. Kh5 Re3 44. Qa8+ Kg7 45. Qa6 Re6 46.
Qd3 Qb8 47. g6 fxg6+ 48. Kg5 Qe5+ 49. Qf5 gxf5 50. gxf5 Be3+ 51. Kg4 Qf4+ 52. Kh3 Qxf3+ 53. Kh2 Rh6# 0-1

[Event "*** Titled Tuesday Blitz"]
[Site "Chess.com"]
[Date "2019.11.05"]
[Round "2"]
[White "gena217"]
[Black "nailbeshirli"]
[Result "0-1"]
[WhiteElo "2922"]
[BlackElo "2639"]
[TimeControl "180+2"]
[EndTime "13:25:24 PST"]
[Termination "nailbeshirli won by resignation"]

1. e4 c5 2. Nf3 d6 3. d4 cxd4 4.
Qxd4 Nf6 5. Bb5+ Nc6 6. c4 Bd7 7. Qd3 g6 8. O-O Bg7 9. Nc3 O-O 10. h3 a6 11. Bxc6 Bxc6 12. Nd4 Rc8 13. Be3 Nd7 14. Rac1 Nc5 15. Qc2 Ne6 16. Nxe6 fxe6 17. Ne2 Qa5 18. b3 b5 19. c5 dxc5 20. Qxc5 Rfe8 21. Qc2 Bb7 22. Qb1 b4 23. f3 Qb5 24. Nf4 Bh6 25.
Qb2 Red8 26. Qf2 Rc3 27. Nd5 Bxe3 28. Nxe3 a5 29. Nc4 Ba6 30. Rcd1 Qb8 31. Qc5 Bxc4 32. bxc4 Kf7 33. Qxa5 Rxd1 34. Rxd1 Qg3 35. Qa4 b3 36. Qxb3 Rxb3 37. axb3 h5 38. c5 Qe5 39. Rc1 Qb2 40. Rf1 Qd4+ 41. Kh1 Qxc5 42. f4 Qb4 43. e5 Qxb3 44.
Kh2 Qd3 45. Rf3 Qe4 46. h4 Qf5 47. Rf2 Qg4 48. g3 Qf5 49. Rg2 Qe4 50. Ra2 Qd4 51.
Rg2 Ke8 52. Rc2 Kd7 53. Rg2 Kc6 54. Re2 Kd5 55. Kg2 Qd3 56. Rf2 Ke4 57. Rf1 Qxf1+ 58. Kxf1 Kf3 0-1

[Event "*** Titled Tuesday Blitz"]
[Site "Chess.com"]
[Date "2019.11.05"]
[Round "2"]
[White "codapbg94"]
[Black "PlotnikovPavel"]
[Result "0-1"]
[WhiteElo "2155"]
[BlackElo "2442"]
[TimeControl "180+2"]
[EndTime "13:25:24 PST"]
[Termination "PlotnikovPavel won by resignation"]

1. e4 c5 2. Nf3 d6 3. c3 Nf6 4. h3 Nc6 5. Bd3 d5 6. e5 Ng8 7.
Bb5 Bf5 8. d3 e6 9. O-O Ne7 10. Bf4 h6 11. c4 a6 12. Ba4 Qc7 13.
Re1 O-O-O 14. Qb3 dxc4 15. dxc4 Rd3 16. Nc3 Nd4 17. Qa3 Nxf3+ 18. gxf3 Rxf3 19. Be3 Ng6 20. Bd1 Nxe5 21. Bxf3 Nxf3+ 22. Kg2 Nxe1+ 23. Rxe1 Be7 24.
Na4 Qc6+ 25. f3 Bxh3+ 26. Kxh3 Qxf3+ 27. Kh2 Bd6+ 28. Kg1 Qg4+ 29. Kf1 Qxc4+ 30. Re2 Rd8 31. Nc3 Be7 32. Qb3 Qxb3 33. axb3 Rd3 34. Kf2 Bh4+ 35.
Kf3 Bg5 36. Ke4 Rxe3+ 37. Rxe3 Bxe3 38. Kxe3 Kd7 39. Ke4 f6 40. Ne2 g5 41. Ng3 Kd6 42.
Nh5 f5+ 43. Ke3 Ke5 44. Ng7 g4 45. Nh5 b5 46. Nf4 a5 47. Nd3+ Kd5 48. Nf4+ Kd6 49.
Ne2 e5 50. Nc3 Kc6 51. Ne2 h5 52. Kf2 h4 53. Nc3 h3 54. Nd1 f4 55. Nc3 g3+ 56.
Kg1 h2+ 57. Kg2 f3+ 0-1

[Event "*** Titled Tuesday Blitz"]
[Site "Chess.com"]
[Date "2019.11.05"]
[Round "2"]
[White "SidArun"]
[Black "MarcoRiehle"]
[Result "1-0"]
[WhiteElo "2171"]
[BlackElo "2535"]
[TimeControl "180+2"]
[EndTime "13:25:27 PST"]
[Termination "SidArun won by resignation"]

1. d4 d5 2. Nc3 e6 3. Bf4 Bd6 4. Qd2 c5 5. Bxd6 Qxd6 6. dxc5 Qxc5 7. e4 d4 8. O-O-O Nc6 9. Nb5 Qb6 10. Nxd4 Nf6 11.
Nxc6 bxc6 12. f3 O-O 13. Bc4 Rb8 14. Qc3 Ba6 15. Bxa6 Qxa6 16. a3 Rb6 17. Nh3 Rfb8 18.
Nf4 h6 19. Nd3 Qb5 20. Rd2 Kh7 21. b3 a5 22. a4 Qxa4 23. Nc5 Qa3+ 24. Kd1 Rb5 25.
Na4 Rxb3 26. cxb3 Rxb3 27. Qc1 Qxa4 28. Ke2 Nh5 29. Kf2 Nf4 30. Qc2 Qb5 31. Rhd1 a4 32. g3 Nh3+ 33. Kg2 Ng5 34. Rf1 a3 35. Rff2 Rb2 36.
Qc3 a2 37. Qa3 Rb3 38. Qxa2 Qb4 39. Rb2 Rxb2 40. Qxb2 Qc5 41. Qc2 Qd6 42. Rd2 Qa3 43.
Rd3 Qa1 44. h4 Nxf3 45. Rxf3 g6 46. h5 gxh5 47. e5+ Kg7 48. Qe4 Qb2+ 49. Rf2 Qc3 50.
Qf4 f5 51. exf6+ Kf7 52. Qxh6 e5 53. Qg7+ Ke6 54. Qe7+ Kd5 55. f7 Qd3 56. f8=Q Kc4 57. Qc5+ Kb3 58. Rf3 e4 59. Rxd3+ exd3 60. Qf3 1-0

[Event "*** Titled Tuesday Blitz"]
[Site "Chess.com"]
[Date "2019.11.05"]
[Round "2"]
[White "Genghis_K"]
[Black "vladimirdamjanovic"]
[Result "1-0"]
[WhiteElo "2907"]
[BlackElo "2605"]
[TimeControl "180+2"]
[EndTime "13:25:30 PST"]
[Termination "Genghis_K won by resignation"]

1. e4 c5 2. Nf3 d6 3. d4 cxd4 4. Qxd4 a6 5. Be2 Nc6 6. Qe3 Bg4 7. h3 Bxf3 8. Bxf3 g6 9. O-O Bg7 10.
Rd1 Nf6 11. c4 Qa5 12. Nc3 O-O 13. Bd2 Qc5 14. b3 Qxe3 15. Bxe3 Rfc8 16. Rac1 h5 17. Be2 Kh7 18. Nd5 Nxd5 19. exd5 Ne5 20. a4 Bh6 21. f4 Nd7 22. a5 Rc7 23. g3 Nc5 24. b4 Ne4 25. Kg2 Bg7 26. Bd3 Nc3 27.
Re1 Rac8 28. Bd2 Na4 29. f5 Nb2 30. fxg6+ fxg6 31. Bb1 Nxc4 32. Bg5 Ne5 33. Rxc7 Rxc7 34. Bf4 Rc4 35. Re4 Rxe4 36. Bxe4 Bf6 37. h4 Kg7 38.
Bc2 Kf7 39. Ba4 Nd3 40. Bd2 Bb2 41. b5 axb5 42. Bxb5 Ba3 43. Bxd3 Bc5 44. Kf3 Kf6 45. Bc3+ Kf7 46. Bb5 e6 47. Bc4 e5 48. Be1 Ke7 49.
Bd3 Kf6 50. Be4 Kf7 51. Ke2 Kf6 52. Kd3 g5 53. hxg5+ Kxg5 54. Ke2 Kg4 55. Bf3+ Kg5 56. Bd2+ Kg6 57. Be4+ Kf6 58. Kf3 Bd4 59. Kg2 Kg7 60. Kh3 Bf2 61. Kh4 Be1 62. Bxe1 1-0